 Dungeon Crawl Stone Soup version 0.28-a0-2-g643f2454ad (webtiles) character file.

Game seed: 14120551946588792828

20 Demosthentine the Poker (level 2, 0/23 HPs)
             Began as a Merfolk Gladiator on July 22, 2021.
             Slain by a hobgoblin (3 damage)
             ... led by Robin
             ... on level 2 of the Dungeon.
             The game lasted 00:00:50 (961 turns).

Demosthentine the Poker (Merfolk Gladiator)          Turns: 961, Time: 00:00:52

Health: 0/23       AC:  4    Str: 14    XL:     2   Next: 79%
Magic:  2/2        EV: 13    Int:  7    God:
Gold:   11         SH:  0    Dex: 15    Spells: 1/1 levels left

rFire   . . .      SeeInvis .   a - +0 trident
rCold   . . .      Faith    .   (no shield)
rNeg    . . .      Spirit   .   b - +0 leather armour
rPois   .          Reflect  .   c - +0 helmet
rElec   .          Harm     .   (no cloak)
rCorr   .          Rampage  .   (no gloves)
Will    .....                   (no boots)
Stlth   +.........              (no amulet)
HPRegen 0.07/turn               (no ring)
MPRegen 0.08/turn               (no ring)

@: no status effects
A: (nimble swimmer 2), mertail
a: no special abilities


You were on level 2 of the Dungeon.
You visited 1 branch of the dungeon, and saw 2 of its levels.

You collected 11 gold pieces.

Inventory:

Hand Weapons
 a - a +0 trident (weapon)
Missiles
 d - 3 throwing nets (quivered)
Armour
 b - a +0 leather armour (worn)
 c - a +0 helmet (worn)
Jewellery
 h - a ring of protection from cold
Potions
 f - a potion of curing
 g - 2 potions of flight {unknown}


   Skills:
 + Level 2.5 Fighting
 + Level 4.8 Polearms
 - Level 2.0 Throwing
 + Level 0.5 Armour
 + Level 4.3 Dodging


You had one spell level left.
You didn't know any spells.
Your spell library was empty.

Dungeon Overview and Level Annotations

Branches:
Dungeon (2/15)

Altars:

Shops:
D:1 [

Annotations:
D:2 Robin


Innate Abilities, Weirdness & Mutations

((You are quick and stealthy near water. (Stealth+, EV+, Speed+++)))
Your lower body shifts to a powerful aquatic tail in water.


Message History

The goblin shouts!
You hear a shout!
You hit the goblin.
You kill the goblin!
A goblin and a hobgoblin come into view.
The hobgoblin barely misses you.
Things that are here:
a +0 club; a goblin corpse You barely miss the hobgoblin.
The hobgoblin shouts!
The hobgoblin barely misses you. Robin throws the goblin at you!
You closely miss the goblin. The hobgoblin misses you. The goblin misses you.
You barely miss the goblin. The hobgoblin closely misses you.
The goblin hits you with a +0 dagger.
You closely miss the goblin. The hobgoblin closely misses you.
The goblin closely misses you. The hobgoblin closely misses you.
You closely miss the goblin.
The hobgoblin no longer looks unusually strong.
The goblin hits you but does no damage. The hobgoblin closely misses you.
You miss the goblin. The goblin hits you with a +0 dagger.
The hobgoblin hits you.
You hit the goblin.
The goblin is severely wounded.
The hobgoblin no longer looks unusually strong.
The goblin barely misses you.
Robin roars a battlecry!
The hobgoblins go into a battle-frenzy!
The hobgoblin hits you.
* * * LOW HITPOINT WARNING * * *
Press: ? - help, v - describe, . - travel
Here: a goblin, wielding a +0 dagger (severely wounded, strong)
The floor.
Unknown command.
Unknown command.
Unknown command.
You barely miss the goblin.
The goblin is severely wounded.
The goblin hits you with a +0 dagger.
* * * LOW HITPOINT WARNING * * *
The hobgoblin hits you.
You die...

.. .. #..# ... #.
#.?###### ##.## #.
#.<...g.. .....
#.###........ ....#
#..##.......>
#..###.##gg......
#................
r.##########gg..##........
#.......g@gggg...#........
#..############.......####
##.#.##... ...# .#.. ####
.... #


You could see 3 hobgoblins and 4 goblins.

Vanquished Creatures
  2 dart slugs (D:1)
  A bat (D:1)
  An endoplasm (D:1)
  2 goblins (D:2)
  2 hobgoblins
  A quokka (D:1)
  A ball python (D:1)
  2 frilled lizards (D:1)
  4 kobolds (D:1)
16 creatures vanquished.

Notes
Turn   | Place    | Note
-------+----------+-------------------------------------------
     0 | D:1      | Demosthentine the Merfolk Gladiator began the quest for the
                  | Orb.
     0 | D:1      | Reached XP level 1. HP: 16/16 MP: 1/1
   215 | D:1      | Reached XP level 2. HP: 9/23 MP: 2/2
   789 | D:1      | Found Ihagalia's Armour Emporium.
   931 | D:2      | Noticed Robin
   961 | D:2      | Slain by a hobgoblin

Illustrated notes

Levels and vault maps discovered:
D:1:      dpeg_arrival_simpleton_c, layout_loops_ring, serial_shops,
          nicolae_shop_behind_doors
D:2:      layout_rooms, minivault_23, grunt_ministairs_14,
          minmay_misc_feat_pillars, minmay_surrounded, uniq_robin, uniq_terence

Action                   || total
-------------------------++-------
Melee: Trident           ||    60
  Use: Scroll            ||     2
Armor: Leather armour    ||    13
Dodge: Dodged            ||    39

Table legend: (Time is in decaauts)
 A = Elapsed time spent in this place.
 B = Non-inter-level travel time spent in this place.
 C = Inter-level travel time spent in this place.
 D = Time resting spent in this place.
 E = Time spent auto-exploring this place.
 F = Levels seen in this place.
 G = Mean time per level.
                   A        B        C        D        E       F      G
               +--------+--------+--------+--------+--------+-----+--------+
         Total |    964 |    939 |     25 |      0 |    821 |   2 |  482.0 |
       Dungeon |    964 |    939 |     25 |      0 |    821 |   2 |  482.0 |
               +--------+--------+--------+--------+--------+-----+--------+

Top non-repeatable levels by time:
     D:1: 930 daAuts
     D:2: 33 daAuts
